AoeStats
← Barney

MegaRandom

509863333Analyzed
2v2 RM · 5d ago on Sep 28, 2026· 50m 8s· 4 players
Game mode
Random Map
Map size
Medium (4 player)
Population
200
Speed
Normal
Resources
Standard
Victory
Conquest
Starting age
Dark Age
Ending age
Imperial Age
RankedLock teamsTeams togetherTeam positionsShared explorationLock speedFull tech treeHidden civsTurbo modeCheats
Victory
Defeat
🇦🇺 Byzantines · Australia
1175
+17
🇹🇷 Gurjaras · Türkiye
1102
+20
🇭🇺 Varangians · Hungary
1218
-19
🇭🇺 Danes · Hungary
1181
-18
Arfah
0:43 Loom
8:36 Feudal Age
16:18 Forging
16:14 Scale Barding Armor
16:12 Double-Bit Axe
20:33 Castle Age
19:50 Stone Mining
19:45 Horse Collar
19:48 Man-at-Arms
23:22 Husbandry
29:27 Bow Saw
30:04 Scale Barding Armor
32:56 Heavy Plow
33:38 Forging
34:58 Gold Mining
37:28 Wheelbarrow
39:48 Imperial Age
39:00 Chain Barding Armor
41:05 Iron Casting
41:34 Plate Barding Armor
41:21 Heavy Camel Rider
45:29 Elite Cataphract
48:32 Cavalier
48:34 Light Cavalry
49:38 Conscription
Milkus Dilkus
8:26 Feudal Age
14:51 Castle Age
15:11 Bloodlines
15:19 Forging
16:01 Horse Collar
18:59 Double-Bit Axe
22:06 Fletching
22:37 Loom
23:04 Bodkin Arrow
24:34 Husbandry
25:18 Thumb Ring
25:48 Scale Barding Armor
30:45 Bow Saw
31:46 Chain Barding Armor
31:59 Padded Archer Armor
34:26 Heavy Plow
36:27 Iron Casting
38:35 Wheelbarrow
39:34 Gold Mining
44:56 Gold Shaft Mining
45:15 Leather Archer Armor
Smart on
0:53 Loom
9:43 Feudal Age
15:43 Castle Age
15:40 Double-Bit Axe
17:06 Squires
20:30 Forging
20:21 Scale Mail Armor
20:59 Arson
28:55 Chain Mail Armor
32:33 Pikeman
34:06 Wheelbarrow
40:17 Town Watch
Barney
0:30 Loom
9:20 Feudal Age
16:00 Castle Age
14:19 Fletching
15:32 Bloodlines
21:08 Double-Bit Axe
21:08 Horse Collar
24:02 Elite Skirmisher
25:51 Bow Saw
27:35 Bodkin Arrow
28:29 Scale Barding Armor
28:44 Husbandry
28:56 Forging
30:27 Town Watch
31:17 Wheelbarrow
31:39 Ballistics
36:00 Heavy Plow
40:16 Imperial Age
37:40 Gambesons
40:25 Iron Casting
39:52 Scale Mail Armor
43:33 Hand Cart
44:42 Murder Holes
46:11 Elite Varangian Guard
48:07 Gothikon
49:13 Squires
Connection lost

Rejoining the realm…

Still unreachable

The connection could not be restored.

Session expired

The server has moved on; the page needs a fresh start.